 Seeded DCSS version 0.29-a0-1023-g6ae1a4a2c7 (webtiles) character file.

Game seed: 20220811 (custom seed)

21 flotson the Sneak (level 2, -10/24 HPs)
             Began as a Demonspawn Delver on Aug 11, 2022.
             Mangled by a mummy (17 damage)
             ... in an ossuary.
             The game lasted 00:03:53 (805 turns).

flotson the Sneak (Demonspawn Delver)                Turns: 805, Time: 00:03:53

Health: -10/24     AC:  5    Str: 12    XL:     2   Next: 65%
Magic:  2/2        EV: 12    Int: 11    God:
Gold:   0          SH:  0    Dex: 14    Spells: 1/1 levels left

rFire   . . .      SeeInvis .   a - +0 spear
rCold   . . .      Faith    .   (no shield)
rNeg    . . .      Spirit   .   b - +0 leather armour
rPois   .          Reflect  .   (no helmet)
rElec   .          Harm     .   (no cloak)
rCorr   .          Rampage  .   (no gloves)
Will    .....                   (no boots)
Stlth   ++........              (no amulet)
HPRegen 0.08/turn               (no ring)
MPRegen 0.08/turn               (no ring)

@: no status effects
A: thin metallic scales 1
a: no special abilities


You were in an ossuary.
You visited 1 branch of the dungeon, and saw 1 of its levels.
You also visited: Ossuary.

Inventory:

Hand Weapons
 a - a +0 spear (weapon)
Missiles
 i - a throwing net (quivered)
Armour
 b - a +0 leather armour (worn)
Wands
 g - a wand of digging (3)
Scrolls
 c - 2 scrolls of fog
 d - a scroll of magic mapping
 e - a scroll of fear
 f - a scroll of teleportation {unknown}
 h - a scroll of amnesia {unknown}


   Skills:
 + Level 3.2 Fighting
 + Level 2.0 Polearms
 + Level 0.7 Armour
 + Level 2.0 Dodging
 - Level 4.5 Stealth
 + Level 0.8 Evocations


You had one spell level left.
You didn't know any spells.
Your spell library was empty.

Dungeon Overview and Level Annotations

Branches:
Dungeon (5/15)            Ossuary (1/1)
 Temple: D:4-7

Altars:


Innate Abilities, Weirdness & Mutations

You are partially covered in thin metallic scales. (AC +2)


Message History

The adder zombie attacks as you move away!
The adder zombie barely misses you.
The adder zombie attacks as you move away!
The adder zombie barely misses you.
The adder zombie attacks as you move away!
The adder zombie closely misses you.
The adder zombie bites you but does no damage.
The adder zombie attacks as you move away!
The adder zombie bites you but does no damage.
The mummy hits you.
* * * LOW HITPOINT WARNING * * *
The adder zombie attacks as you move away!
The adder zombie barely misses you. The kobold zombie closely misses you.
The kobold zombie barely misses you.
You feel yourself speed up. The adder zombie barely misses you.
The elf zombie barely misses you.
Your extra speed is starting to run out.
You feel yourself slow down.
Found a scroll labelled ILENAOL KAAX HYQAI.
f - a scroll labelled ILENAOL KAAX HYQAI
Okay, then.
You aren't carrying any potions.
Okay, then.
Reach: a) +0 spear
Press: ? - help, Dir - move target, f - mummy
Aim: a mummy (about 23% to evade your +0 spear)
You reach to attack!
You closely miss the mummy.
Unknown command.
Reach: a) +0 spear
Press: ? - help, Dir - move target, f/p - mummy
Aim: a mummy (about 23% to evade your +0 spear)
You reach to attack!
You hit the mummy but do no damage. You hit the mummy but do no damage.
You barely miss the mummy. The mummy closely misses you.
You hit the mummy but do no damage. You punch the mummy.
The mummy is lightly damaged.
The mummy hits you!
Ouch! That really hurt!
You die...

######################
#........Z∩∩.........#
#.......Z............#
#...##############...#
#...#.ZM@#...# #...#
#...#.####...# #...#
#...#........+####...#
#...######M∩.....#...#
#..Z#.. #.......#Z..#
#...#.# #..M....#...#
#...#.####.......#...#
#...#............#...#
#...#.####..####.#...#


You could see a mummy and a hobgoblin zombie.

Vanquished Creatures
  An adder zombie (Ossuary)
  A goblin zombie (Ossuary)
  6 hobgoblin zombies (Ossuary)
  A jackal zombie (Ossuary)
  12 kobold zombies (Ossuary)
  6 orc zombies (Ossuary)
27 creatures vanquished.

Notes
Turn   | Place    | Note
-------+----------+-------------------------------------------
     0 | D:5      | flotson the Demonspawn Delver began the quest for the Orb.
     0 | D:5      | Reached XP level 1. HP: 18/18 MP: 1/1
    25 | D:5      | Found a sand-covered staircase.
    43 | Ossuary  | Entered an ossuary
   299 | Ossuary  | Gained mutation: You are partially covered in thin metallic
                  | scales. (AC +2) [demonic ancestry]
   299 | Ossuary  | Reached XP level 2. HP: 23/24 MP: 2/2
   716 | Ossuary  | HP: 1/24 [mummy (6)]
   805 | Ossuary  | Mangled by a mummy

Illustrated notes

Levels and vault maps discovered:
D:5:      layout_cave_pools, zin_academy, nicolae_ossuary_entry_ruins,
          due_unseen_surprise
Ossuary:  ossuary_tomb_1

Skill      XL: |  1  2 |
---------------+-------+-----
Polearms       | 2 |  2.0
Dodging        | 2 |  2.0
Fighting       | |  3.2
Armour         | |  0.7
Stealth        | |  4.5
Evocations     | |  0.8

Action                   || total
-------------------------++-------
Melee: Spear             ||   160
       Punch             ||     6
  Use: Potion            ||     1
 Stab: Sleeping          ||     1
Armor: Leather armour    ||    70
Dodge: Dodged            ||   131

Table legend: (Time is in decaauts)
 A = Elapsed time spent in this place.
 B = Non-inter-level travel time spent in this place.
 C = Inter-level travel time spent in this place.
 D = Time resting spent in this place.
 E = Time spent auto-exploring this place.
 F = Levels seen in this place.
 G = Mean time per level.
                   A        B        C        D        E       F      G
               +--------+--------+--------+--------+--------+-----+--------+
         Total |    790 |    790 |      0 |     82 |    165 |   2 |  395.0 |
       Dungeon |     43 |     43 |      0 |      0 |      0 |   1 |   43.0 |
       Ossuary |    747 |    747 |      0 |     82 |    165 |   1 |  747.0 |
               +--------+--------+--------+--------+--------+-----+--------+

Top non-repeatable levels by time:
 Ossuary: 747 daAuts
     D:5: 43 daAuts
